 Dungeon Crawl Stone Soup version 0.20.0-4-g10b340a (webtiles) character file.

402 Stendarr the Gusty (level 6, -3/32 HPs)
             Began as a Tengu Air Elementalist on May 27, 2017.
             Slain by a gnoll (5 damage)
             ... on level 4 of the Dungeon.
             The game lasted 00:15:02 (3952 turns).

Stendarr the Gusty (Tengu Air Elementalist)         Turns: 3952, Time: 00:15:03

Health: -3/32      AC:  3    Str: 12    XL:     6   Next: 85%
Magic:  2/12       EV: 13    Int: 16    God:
Gold:   124        SH:  0    Dex: 15    Spells: 5/11 levels left

rFire    . . .     SeeInvis .   x - +0 trident
rCold    . . .     Gourm    .   (no shield)
rNeg     . . .     Faith    +   a - +0 robe
rPois    .         Spirit   .   (helmet restricted)
rElec    .         Reflect  .   (no cloak)
rCorr    .         Harm     .   B - +0 pair of gloves
MR       +....                  (boots unavailable)
Stlth    ++........             F - amulet of faith
Regen    0.1/turn               i - +3 ring of strength
MPRegen  0.2/turn               y - ring of protection from magic

@: no status effects
A: beak, talons 3, able to fly 1
a: Fly


You were on level 4 of the Dungeon.
You were hungry.

You visited 1 branch of the dungeon, and saw 4 of its levels.

You collected 124 gold pieces.

Inventory:

Hand Weapons
 q - a +2 antimagic short sword
 x - a +0 trident (weapon)
Missiles
 r - 66 stones (quivered)
Armour
 a - a +0 robe (worn)
 h - a +0 pair of gloves
 B - a +0 pair of gloves (worn)
 D - a +0 helmet
Jewellery
 i - a +3 ring of strength (left hand)
 y - a ring of protection from magic (right hand)
 E - an uncursed ring of stealth
 F - an amulet of faith (around neck)
Wands
 v - a wand of paralysis (7/24)
 w - a wand of flame (5/48)
Scrolls
 e - 2 scrolls of teleportation {unknown}
 f - a scroll of fog {unknown}
 k - 2 scrolls of fear
 u - 5 scrolls of identify
 A - a scroll of remove curse {unknown}
Potions
 d - 2 potions of cancellation {unknown}
 g - a potion of resistance {unknown}
 j - a potion of berserk rage {unknown}
 o - a potion of brilliance {unknown}
 p - a potion of degeneration {unknown}
 s - 2 potions of invisibility {unknown}
 t - 2 potions of curing {unknown}
 z - a potion of heal wounds {unknown}
Books
 b - a book of Air

   Spells                             Type                      Level
   a - Shock                          Conjuration/Air              1
   b - Swiftness                      Charms/Air                   2
   c - Static Discharge               Conjuration/Air              3
   d - Airstrike                      Air                          4
   e - Lightning Bolt                 Conjuration/Air              5
Comestibles
 c - 5 bread rations
 l - 2 meat rations
 m - 4 fruits
 n - a royal jelly
 C - 7 chunks of flesh


   Skills:
 - Level 2.1 Dodging
 - Level 2.0 Stealth
 + Level 3.4 Spellcasting
 * Level 5.4 Conjurations
 * Level 7.0 Air Magic


You had 5 spell levels left.
You knew the following spells:

 Your Spells              Type           Power        Failure   Level  Hunger
a - Shock                 Conj/Air       ###.         1%          1    None
b - Swiftness             Chrm/Air       ##......     6%          2    ##.....
c - Static Discharge      Conj/Air       ###.....     4%          3    ###....


Dungeon Overview and Level Annotations

Branches:
Dungeon (4/15)
 Temple: D:4-7

Altars:
Ashenzari
Sif Muna
Vehumet
Yredelemnul


Innate Abilities, Weirdness & Mutations

You have a beak for a mouth.
You have claws for feet.
You can fly.


Message History

Casting: Shock
Confirm with . or Enter, or press ? or * to list all spells.
Aiming: Shock
Press: ? - help, Shift-Dir - straight line, f/p - ogre
Aim: an ogre, wielding a giant spiked club (almost dead)
The zap hits the ogre.
You kill the ogre!
Your Air Magic skill increases to level 7!
You see here a giant spiked club.
You are feeling hungry.
Memorise Airstrike, consuming 4 spell levels and leaving 1?
You start memorising the spell.
You continue memorising.
The gnoll hits you.
Your memorisation is interrupted.
* * * LOW HITPOINT WARNING * * *
You barely miss the gnoll. You claw the gnoll, but do no damage.
The gnoll is moderately wounded.
The gnoll hits you!
* * * LOW HITPOINT WARNING * * *
The gnoll hits you.
You die...

.######.#.#.#########.# #.#
.# #.#.#.# #.######.# ##
#.#.#.# #........#
#######.#.#.# ##########
........#.#.# #######.#.#.#
........#.#.#
.######.#.#.################
#.#.#.....@g....)....#
#........###########.####
#........# #.....#
#........# #.g#g##
#........# #..<.#
#........####### #....#
#............... #....#
#........####### #....#
#........###### #....#


You could see a gnoll.

Vanquished Creatures
  A phantom (D:3)
  An ogre (D:4)
  A howler monkey (D:4)
  Natasha (twice) (D:4)
  5 adders
  2 gnolls (D:4)
  An ooze (D:1)
  An adder skeleton (D:4)
  2 worms
  5 dart slugs
  2 leopard geckos
  2 ball pythons (D:3)
  3 giant cockroaches
  4 goblins
  3 hobgoblins
  5 jackals
  10 bats
  2 frilled lizards (D:2)
  6 kobolds
  4 rats
62 creatures vanquished.

Notes
Turn   | Place    | Note
-------+----------+-------------------------------------------
     0 | D:1      | Stendarr the Tengu Air Elementalist began the quest for the Orb.
     0 | D:1      | Reached XP level 1. HP: 10/10 MP: 4/4
   252 | D:1      | Reached XP level 2. HP: 14/15 MP: 0/6
   886 | D:1      | Reached XP level 3. HP: 16/19 MP: 4/7
  1612 | D:2      | Reached skill level 5 in Air Magic
  1681 | D:2      | Reached XP level 4. HP: 24/24 MP: 6/8
  2433 | D:2      | Found a deep blue altar of Sif Muna.
  2489 | D:2      | Found a basalt altar of Yredelemnul.
  2489 | D:2      | Found a radiant altar of Vehumet.
  2907 | D:3      | Noticed a phantom
  2942 | D:3      | Learned a level 2 spell: Swiftness
  2946 | D:3      | Learned a level 3 spell: Static Discharge
  3046 | D:3      | Found a shattered altar of Ashenzari.
  3281 | D:3      | Killed a phantom
  3281 | D:3      | Gained mutation: You can fly. [Tengu growth]
  3281 | D:3      | Reached XP level 5. HP: 23/28 MP: 1/10
  3454 | D:4      | Reached skill level 6 in Air Magic
  3631 | D:4      | Reached XP level 6. HP: 20/32 MP: 7/11
  3749 | D:4      | Noticed Natasha
  3758 | D:4      | Killed Natasha
  3924 | D:4      | Noticed Natasha
  3934 | D:4      | Killed Natasha
  3934 | D:4      | Reached skill level 5 in Conjurations
  3942 | D:4      | Reached skill level 7 in Air Magic
  3952 | D:4      | Slain by a gnoll

Skill      XL: |  1  2  3  4  5  6 |
---------------+-------------------+-----
Conjurations   | 2 3 4 5 |  5.4
Air Magic      | 5 6 7 |  7.0
Spellcasting   | 3 |  3.4
Dodging        | |  2.1
Stealth        | |  2.0

Action                   |  1- 3 |  4- 6 || total
-------------------------+-------+-------++-------
Melee: Trident           |       |    44 ||    44
       Kick              |       |    11 ||    11
       Peck              |       |     5 ||     5
 Fire: Hunting sling     |    18 |    22 ||    40
 Cast: Shock             |    54 |    66 ||   120
  Use: Scroll            |       |     2 ||     2
 Stab: Sleeping          |       |     2 ||     2
  Eat: Chunk             |     3 |     7 ||    10
Armor: Robe              |     8 |     9 ||    17
Dodge: Dodged            |    22 |    31 ||    53
